 Dungeon Crawl Stone Soup version 0.29-a0-1043-g569b05d6ff (webtiles) character file.

Game seed: 17131305799527169595

251 ytrimaz the Insei (level 5, -25/37 HPs)
             Began as a Demonspawn Transmuter on Aug 16, 2022.
             Annihilated by an ogre
             ... wielding a +0 giant spiked club
              (30 damage)
             ... on level 4 of the Dungeon.
             The game lasted 00:07:58 (5111 turns).

ytrimaz the Insei (Demonspawn Transmuter)           Turns: 5111, Time: 00:07:59

Health: -25/37     AC:  2    Str: 10    XL:     5   Next: 88%
Magic:  5/8        EV: 19    Int: 17    God:
Gold:   194        SH:  0    Dex: 18    Spells: 2/8 levels left

rFire   . . .      SeeInvis .     - Unarmed
rCold   . . .      Faith    .   (shield currently unavailable)
rNeg    . . .      Spirit   .   (body armour currently unavailable)
rPois   .          Reflect  .   (helmet currently unavailable)
rElec   .          Harm     .   (cloak currently unavailable)
rCorr   .          Rampage  .   (gloves currently unavailable)
Will    .....                   (boots currently unavailable)
Stlth   ++........              (no amulet)
HPRegen 0.12/turn               l - ring of poison resistance
MPRegen 0.11/turn               (no ring)

@: spider-form (expiring)
A: venomous fangs, tiny, (sharp scales 2)
a: End Transformation


You were on level 4 of the Dungeon.
You were a venomous arachnid creature.
You visited 1 branch of the dungeon, and saw 4 of its levels.

You collected 194 gold pieces.

Inventory:

Armour
 a - a +0 robe (melded)
 f - a +0 helmet (melded)
Jewellery
 l - a ring of poison resistance (left front leg)
Scrolls
 b - a scroll of fog {unknown}
 g - a scroll of blinking
 i - a scroll of poison
 k - a scroll of teleportation
 n - 2 scrolls of vulnerability
Potions
 e - a potion of attraction {unknown}
 j - 2 potions of flight
 m - a potion of heal wounds {unknown}


   Skills:
 - Level 1.0 Fighting
 - Level 1.7 Dodging
 + Level 4.7 Unarmed Combat
 - Level 2.0 Spellcasting
 * Level 4.1 Transmutations


You had 2 spell levels left.
You knew the following spells:

 Your Spells              Type           Power      Damage    Failure   Level
a - Beastly Appendage     Tmut           30%        N/A       12%         1
b - Wereblood             Tmut           15%        N/A       16%         2
c - Spider Form           Tmut/Pois      8%         N/A       45%         3

Your spell library contained the following spells:

 Spells                   Type           Power      Damage    Failure   Level
 Ice Form                 Ice/Tmut       8%         N/A       82%         4
 Freezing Cloud           Conj/Ice/Air   0%         6-21      100%        5
 Simulacrum               Ice/Necr       0%         N/A       100%        6
 Polar Vortex             Ice            0%         N/A       100%        9


Dungeon Overview and Level Annotations

Branches:
Dungeon (4/15)
 Temple: D:4-7

Altars:
Nemelex Xobeh
Okawaru
Vehumet
Yredelemnul


Innate Abilities, Weirdness & Mutations

You are a venomous arachnid creature.
You have poisonous fangs.
You are tiny and dextrous.
Your spellcasting is less reliable in this form.
Your armour is entirely melded.
You are incapable of wielding weapons or throwing items.
((You are mostly covered in razor-sharp scales. (AC +2, Slay +2)))


Message History

There is an open door here.
You open the door.
An ogre comes into view. It is wielding a +0 giant spiked club.
The ogre shouts!
An ogre is nearby!
An ogre is nearby!
Casting: Beastly Appendage (safe; 3% risk of failure)
Confirm with . or Enter, or press ? or * to list all spells.
The spell is quite dangerous to miscast (24% risk of failure)!
Continue anyway?
You turn into a venomous arachnid creature.
Your +0 helmet melds into your body.
Your +0 robe melds into your body.
Unknown command.
The ogre hits you with a +0 giant spiked club!!
Ouch! That really hurt!
There is an open door here.
You are too injured to fight recklessly!
You hit the ogre.
The ogre is lightly wounded.
You are too injured to fight recklessly!
Unknown command.
You hit the ogre but do no damage.
The ogre is poisoned.
The ogre is lightly wounded.
The ogre hits you with a +0 giant spiked club!
* * * LOW HITPOINT WARNING * * *
You hit the ogre but do no damage.
The ogre is moderately wounded.
The ogre barely misses you.
You are too injured to fight recklessly!
You completely miss the ogre.
The ogre is moderately wounded.
Your transformation is almost over.
Unknown command.
You hit the ogre.
The ogre looks as sick as possible!
The ogre is heavily wounded.
The ogre completely misses you.
Unknown command.
The ogre attacks as you move away!
The ogre hits you with a +0 giant spiked club!!
Ouch! That really hurt!
You die...

#.......# #........#
#.......# #........#
####'#############........#
..#.......................#
..#.......................#
..#.......................#
..#...............#########
..#...............#
......##########s##
#.###...........O# #.#
#............#
#+###............#
#_+..............#
#+###............. #.#
#.............
#.###.............
......#######


You could see an ogre (extremely poisoned).

Vanquished Creatures
  A jelly (D:4)
  Jessica (D:2)
  5 gnolls (D:3)
  A worm (D:2)
  2 dart slugs (D:1)
  6 ball pythons
  16 endoplasms
  4 giant cockroaches
  22 hobgoblins (D:3)
  4 jackals (D:2)
  2 quokkas
  8 bats
  2 frilled lizards (D:2)
  32 goblins
  10 kobolds
  2 rats
118 creatures vanquished.

Notes
Turn   | Place    | Note
-------+----------+-------------------------------------------
     0 | D:1      | ytrimaz the Demonspawn Transmuter began the quest for the
                  | Orb.
     0 | D:1      | Reached XP level 1. HP: 15/15 MP: 3/3
   393 | D:1      | Gained mutation: You are partially covered in razor-sharp
                  | scales. (AC +1, Slay +1) [demonic ancestry]
   393 | D:1      | Reached XP level 2. HP: 21/21 MP: 3/5
  1209 | D:1      | Learned a level 2 spell: Wereblood
  1292 | D:2      | Reached XP level 3. HP: 26/26 MP: 4/6
  1325 | D:2      | Noticed Jessica
  1351 | D:2      | Killed Jessica
  1354 | D:2      | Identified the +4 war axe of the Scroll {drain, rElec rC-
                  | Str+5}
  1364 | D:2      | Identified the +9 hand axe "Moobuth" {speed, Fragile rElec
                  | Int+2 Dex+2}
  1560 | D:2      | Found an iron altar of Okawaru.
  1678 | D:2      | Reached XP level 4. HP: 30/31 MP: 5/7
  2238 | D:2      | Found a faded altar of an unknown god.
  2283 | D:2      | Learned a level 3 spell: Spider Form
  2862 | D:3      | Found a basalt altar of Yredelemnul.
  3466 | D:3      | Found a sparkling altar of Nemelex Xobeh.
  3469 | D:3      | Found a radiant altar of Vehumet.
  3785 | D:3      | Gained mutation: You are mostly covered in razor-sharp
                  | scales. (AC +2, Slay +2) [demonic ancestry]
  3785 | D:3      | Reached XP level 5. HP: 18/37 MP: 6/8
  5103 | D:4      | Noticed an ogre
  5111 | D:4      | Annihilated by an ogre

Illustrated notes

Levels and vault maps discovered:
D:1:      ncdulo_halloftheorcs, layout_loops_ring
D:2:      layout_loops_cross, shapermc_ecumenical_altar_mp_vishouse,
          basic_altar, nrook_mini_vaults, minmay_3d_cube, uniq_jessica
D:3:      minmay_goblin_kobold_castle, layout_basic, mainiacjoe_overflow_paths,
          grunt_temple_overflow_diamond, kennysheep_nub, bh_walls_and_bars
D:4:      layout_gridville, lemuel_doored_altar, uniq_duvessa

Skill      XL: |  1  2  3  4  5 |
---------------+----------------+-----
Transmutations | 2 3 4 |  4.1
Unarmed Combat | 3 4 |  4.7
Fighting       | |  1.0
Dodging        | |  1.7
Spellcasting   | |  2.0

Action                   |  1- 3 |  4- 6 || total
-------------------------+-------+-------++-------
Melee: Unarmed           |    83 |   182 ||   265
       Kick              |    16 |    21 ||    37
       Headbutt          |     9 |    18 ||    27
       Punch             |       |     4 ||     4
 Cast: Beastly Appendage |    23 |    24 ||    47
       Wereblood         |     1 |     8 ||     9
       Spider Form       |       |     2 ||     2
  Use: Scroll            |       |     7 ||     7
       Potion            |       |     2 ||     2
 Stab: Invisible         |       |     1 ||     1
Armor: Robe              |    32 |    54 ||    86
       Skin              |       |     8 ||     8
Dodge: Dodged            |    72 |   155 ||   227

Table legend: (Time is in decaauts)
 A = Elapsed time spent in this place.
 B = Non-inter-level travel time spent in this place.
 C = Inter-level travel time spent in this place.
 D = Time resting spent in this place.
 E = Time spent auto-exploring this place.
 F = Levels seen in this place.
 G = Mean time per level.
                   A        B        C        D        E       F      G
               +--------+--------+--------+--------+--------+-----+--------+
         Total |   5096 |   5005 |     91 |    613 |   3562 |   4 | 1274.0 |
       Dungeon |   5096 |   5005 |     91 |    613 |   3562 |   4 | 1274.0 |
               +--------+--------+--------+--------+--------+-----+--------+

Top non-repeatable levels by time:
     D:3: 2315 daAuts
     D:2: 1345 daAuts
     D:1: 1285 daAuts
     D:4: 150 daAuts
